Map: Tourmaline LE

Players

HoldTheDoor

  • Race: Protoss Protoss
  • League: Diamond
  • Spawn Location: 1:00

Noobiwan - Winner!

  • Race: Zerg Zerg
  • League: Diamond
  • Spawn Location: 7:00

VOD

Have the link to the VOD?

Description

Time

  • Played on: May 18, 2026, 1:07 p.m.
  • Length: 13:21
Show
View Real Time Build Order
Export as new Build Order

HoldTheDoor Protoss 

Build Orders: 1 Gate Expand, Archon Immortal, Archon Drop, Dark Templar Rush 

Get SALT Encoding   

  12  0:00  Probe  
  13  0:12  Probe  
  14  0:19  Pylon  
  14  0:24  Probe  
  15  0:35  Probe  
  15  0:40  Gateway  
  16  0:43  Probe  
  17  0:50  Assimilator  
  17  0:51  Probe  
  18  1:03  Probe  
  19  1:23  Nexus  
  19  1:33  Cybernetics Core  
  19  1:36  Probe  
  20  1:48  Probe, Pylon  
  21  1:54  Assimilator  
  21  2:00  Probe  
  22  2:06  Stalker  
  22  2:12  Probe  
  25  2:18  Warp Gate  
  25  2:24  Probe  
  26  2:32  Gateway  
  26  2:36  Probe  
  27  2:38  Twilight Council  
  27  2:42  Adept  
  29  2:48  Probe  
  29  2:50  Probe  
  31  3:00  Probe  
  31  3:02  Probe  
  33  3:08  Shield Battery  
  33  3:13  Probe  
  33  3:14  Probe  
  33  3:15  Robotics Facility  
  35  3:21  Assimilator  
  35  3:25  Probe  
  35  3:26  Probe  
  37  3:30  Dark Shrine  
  37  3:32  Pylon  
  37  3:37  Probe  
  37  3:38  Probe  
  39  3:49  Probe  
  39  3:50  Probe  
  41  3:59  Gateway x2  
  41  4:01  Probe  
  42  4:03  Pylon  
  42  4:04  Warp Prism  
  44  4:21  Probe x2  
  46  4:33  Probe  
  46  4:38  Probe, Pylon  
  48  4:42  Pylon  
  48  4:54  Dark Templar x2  
  48  4:55  Dark Templar  
  48  4:56  Dark Templar  
  56  5:04  Probe  
  56  5:05  Probe  
  58  5:12  Nexus  
  58  5:13  Pylon  
  58  5:35  Probe x2  
  60  5:48  Probe x2  
  62  5:54  Shield Battery  
  62  5:55  Shield Battery  
  62  5:57  Pylon  
  62  6:00  Forge, Probe x2  
  62  6:02  Gateway  
  62  6:03  Gateway  
  64  6:05  Gateway  
  64  6:06  Gateway  
  64  6:08  Archon x2  
  64  6:09  Gateway  
  64  6:12  Gateway, Probe x2  
  64  6:15  Pylon  
  66  6:19  Pylon  
  66  6:20  Pylon  
  66  6:24  Probe x2  
  68  6:28  Immortal  
  68  6:31  Zealot  
  74  6:33  Zealot x2  
  74  6:34  Zealot  
  74  6:36  Probe  
  81  6:58  Protoss Ground Weapons Level 1  
  81  7:10  Charge  
  81  7:13  Zealot x7  
  81  7:14  Zealot x3  
  101  7:16  Immortal  
  105  7:37  Gateway  
  105  7:40  Gateway  
  105  7:42  Photon Cannon  
  105  7:44  Dark Templar  
  105  7:45  Dark Templar x6, Photon Cannon  
  105  7:48  Zealot  
  105  7:50  Zealot  
  123  7:52  Archon x3  
  123  7:54  Zealot  
  123  7:57  Pylon  
  125  8:02  Pylon  
  125  8:04  Photon Cannon  
  125  8:06  Immortal  
  125  8:07  Photon Cannon  
  125  8:10  Photon Cannon  
  125  8:11  Pylon  
  129  8:26  Photon Cannon  
  129  8:30  Shield Battery  
  129  8:35  Dark Templar  
  129  8:37  Zealot x2  
  129  8:38  Zealot x4  
  129  8:40  Immortal  
  143  8:41  Archon  
  143  8:44  Dark Templar x2  
  151  9:01  Shield Battery  
  151  9:04  Pylon  
  151  9:05  Pylon  
  151  9:11  Archon, Pylon  
  151  9:12  Zealot  
  151  9:13  Zealot x2  
  157  9:22  Observer  
  158  9:32  Zealot x6  
  158  9:33  Zealot x5  
  180  9:45  Protoss Ground Armor Level 1  
  124  10:08  Observer  
  124  10:13  Stalker x7  
  124  10:14  Stalker x3  
  145  10:26  Immortal  
  149  10:37  Stalker x4  
  149  10:39  Zealot x5  
  149  10:40  Zealot x2  
  141  10:58  Stalker  
  121  11:05  Observer  
  121  11:10  Zealot x6  
  121  11:11  Zealot x5  
  108  11:35  Zealot x10, Immortal  
  112  12:14  Stalker x8  
  112  12:15  Stalker x2  
  105  12:31  Zealot x2  
  97  12:47  Zealot x3  
  97  12:48  Zealot x2  
  111  13:04  Zealot  
  111  13:05  Zealot x5  
  103  13:15  Zealot x4  
Show
View Real Time Build Order
Export as new Build Order

Noobiwan Zerg - Winner!

Build Orders: Hatch First, Lurkers, Roach Hydra 

Get SALT Encoding   

  12  0:00  Drone  
  13  0:14  Drone  
  13  0:17  Extractor, Drone  
  15  0:21  Overlord  
  15  0:46  Hatchery  
  15  0:47  Drone  
  15  0:50  Drone  
  15  0:54  Drone  
  17  0:58  Drone  
  18  1:07  Extractor  
  17  1:14  Spawning Pool  
  17  1:16  Drone  
  17  1:20  Drone  
  18  1:30  Drone  
  19  1:40  Drone  
  20  1:51  Drone  
  21  1:59  Drone  
  21  2:00  Queen x2  
  26  2:03  Overlord  
  26  2:08  Drone  
  26  2:13  Drone  
  28  2:15  Metabolic Boost  
  28  2:24  Drone x2  
  31  2:30  Drone  
  31  2:36  Queen, Zergling x2  
  34  2:52  Drone, Hatchery  
  34  2:54  Drone  
  34  2:58  Drone  
  36  3:01  Overlord  
  36  3:14  Roach Warren  
  36  3:19  Queen  
  37  3:21  Drone x2  
  37  3:23  Zergling x2  
  37  3:24  Zergling x2  
  41  3:28  Drone  
  41  3:29  Drone  
  43  3:35  Lair  
  43  3:39  Overlord  
  43  3:44  Drone  
  43  3:47  Overlord  
  44  4:11  Drone x2  
  46  4:17  Extractor  
  46  4:18  Drone x5  
  46  4:19  Drone x7  
  46  4:21  Extractor  
  46  4:22  Extractor  
  55  4:39  Drone x5  
  55  4:40  Drone x2  
  55  4:42  Spore Crawler  
  55  4:43  Spore Crawler  
  60  4:49  Glial Reconstitution  
  60  4:54  Roach  
  60  4:55  Roach x2  
  60  4:56  Overlord x3  
  66  5:03  Spore Crawler, Drone  
  66  5:06  Overlord  
  66  5:15  Roach  
  66  5:16  Roach x6  
  80  5:28  Overseer  
  81  5:40  Drone x3  
  82  5:47  Hatchery  
  82  5:49  Roach x3  
  87  6:05  Hatchery  
  86  6:13  Hydralisk Den  
  86  6:16  Drone x3  
  86  6:17  Evolution Chamber x2, Drone  
  87  6:23  Drone x3  
  87  6:24  Drone x2, Overlord  
  87  6:25  Overlord x4  
  92  6:43  Spore Crawler  
  87  7:12  Drone  
  87  7:13  Drone x11  
  99  7:25  Drone  
  99  7:26  Drone x5  
  105  7:32  Zerg Missile Weapons Level 1, Zerg Ground Armor Level 1  
  105  7:34  Muscular Augments  
  105  7:37  Lurker Den  
  105  7:38  Drone x2  
  105  7:39  Infestation Pit  
  105  7:40  Spore Crawler  
  105  7:43  Spore Crawler  
  103  7:44  Extractor  
  103  7:48  Spine Crawler  
  101  7:51  Spine Crawler  
  101  7:53  Drone x2  
  101  7:54  Drone x2  
  101  7:56  Spine Crawler, Extractor  
  101  7:57  Drone x3  
  105  7:58  Drone x2  
  105  7:59  Drone, Overlord x3  
  105  8:00  Overlord  
  105  8:03  Queen, Extractor  
  105  8:04  Extractor  
  108  8:14  Drone x2  
  108  8:15  Drone  
  108  8:16  Drone x3  
  114  8:20  Hive  
  114  8:21  Hydralisk x3  
  114  8:22  Hydralisk  
  114  8:23  Hydralisk  
  114  8:25  Hydralisk  
  126  8:27  Drone  
  126  8:28  Drone  
  126  8:29  Drone  
  129  8:38  Grooved Spines  
  129  8:48  Spine Crawler  
  128  8:49  Lurker  
  128  8:54  Pneumatized Carapace  
  129  9:08  Spine Crawler  
  129  9:09  Spine Crawler, Drone  
  128  9:10  Spine Crawler, Drone x10  
  128  9:11  Drone x2  
  128  9:12  Drone  
  128  9:13  Hydralisk x5  
  150  9:21  Lurker  
  150  9:22  Lurker x4  
  150  9:24  Hydralisk x2  
  155  9:26  Overlord x3  
  155  9:27  Overlord x3  
  159  9:32  Seismic Spines  
  155  9:55  Hydralisk  
  155  9:56  Hydralisk x12  
  181  10:03  Hatchery  
  181  10:04  Lurker x6  
  183  10:29  Adaptive Talons  
  183  10:38  Overseer  
  183  10:46  Hatchery  
  156  11:11  Hydralisk x2  
  156  11:12  Hydralisk x13  
  156  11:14  Overlord x3  
  156  11:15  Overlord x3  
  186  11:29  Hatchery  
  185  11:40  Hatchery  
  185  11:41  Hydralisk x5  
  185  11:43  Lurker x4  
  198  11:53  Zergling x4  
  200  11:54  Overlord x2  
  170  12:27  Hydralisk x9  
  182  12:34  Lurker x4  
  182  12:35  Lurker  
  167  12:45  Hydralisk x4  
  175  12:55  Hydralisk x4  
  175  12:56  Hydralisk  
Tags
 
Add a new tag
Caveats
  • Supply blocks, unpowered buildings, or Contaminate may cause inaccurate times.
  • Supply counts are checked every 10 seconds.